 Dungeon Crawl Stone Soup version 0.18-a0-1788-g92de1ac (webtiles) character file.

142 Mefis the Sneak (level 5, -7/32 HPs)
             Began as an Octopode Wizard on Apr 19, 2016.
             Was a Follower of Sif Muna.
             Killed by divine providence
             ... invoked by an orc priest
              (10 damage)
             ... on level 4 of the Dungeon.
             The game lasted 01:01:34 (4476 turns).

Mefis the Sneak (Octopode Wizard)                   Turns: 4476, Time: 01:01:35

Health: -7/32      AC:  1    Str:  6    XL:     5   Next: 25%
Magic:  3/11       EV: 12    Int: 21    God:    Sif Muna [*.....]
Gold:   246        SH:  0    Dex: 11    Spells: 6 memorised, 0 levels left

rFire  + . .     SeeInvis .     H - +0 longbow
rCold  + . .     Gourm    .     (shield currently unavailable)
rNeg   + . .     Faith    .     a - +0 hat
rPois  +         Spirit   .     s - amulet of harm
rElec  +         Dismiss  .     g - ring of positive energy
rCorr  +         Reflect  .     (no ring)
SustAt .         Harm     +     (no ring)
MR     .....                    (no ring)
Stlth  ++++......               (no ring)
                                (no ring)
                                (no ring)
                                (no ring)

@: resistant, invisible, not resistant to hostile enchantments, stealthy
A: almost no armour, amphibious, 8 rings, constrict 8, camouflage 1, gelatinous
body 1
a: Channel Energy, Renounce Religion


You were on level 4 of the Dungeon.
You worshipped Sif Muna.
Sif Muna was aware of your devotion.
You were near starving.

You visited 1 branch of the dungeon, and saw 4 of its levels.

You collected 246 gold pieces.

Inventory:

Hand Weapons
 e - a +0 whip
 j - a +0 flail
 n - a +0 mace
 o - a +0 dagger
 q - a +0 short sword of draining
 x - a +0 dagger
 y - a +0 hunting sling
 B - a +0 hunting sling
 G - a +0 spear
 H - a +0 longbow (weapon)
Missiles
 c - 20 arrows (quivered)
 r - 58 stones
 A - 8 tomahawks
 C - 19 bolts
 M - 13 poisoned needles
Armour
 a - a +0 hat (worn)
 i - a +0 leather armour
Jewellery
 g - a ring of positive energy (left tentacle)
 s - an amulet of harm (around mantle)
Scrolls
 h - a scroll of amnesia {unknown}
 l - a scroll of enchant weapon {unknown}
 m - 4 scrolls of identify {unknown}
 v - a scroll of fog {unknown}
 z - a scroll of fear {unknown}
 D - 2 scrolls of immolation {unknown}
 F - 3 scrolls of teleportation {unknown}
 L - a scroll of blinking {unknown}
 N - a scroll of recharging {unknown}
 O - a scroll of enchant armour {unknown}
Potions
 d - a potion of might {unknown}
 k - a potion of degeneration {unknown}
 p - a potion of heal wounds {unknown}
 I - a potion of agility {unknown}
 K - a potion of mutation {unknown}
Books
 b - a book of Minor Magic

   Spells                             Type                      Level
   a - Magic Dart                     Conjuration                  1
   b - Blink                          Translocation                2
   c - Call Imp                       Summoning                    2
   d - Repel Missiles                 Charms/Air                   2
   e - Slow                           Hexes                        2
   f - Conjure Flame                  Conjuration/Fire             3
   g - Mephitic Cloud                 Conjuration/Poison/Air       3
Comestibles
 t - 2 meat rations
 u - 2 beef jerkies
 J - 2 bread rations


   Skills:
 + Level 0.8 Fighting
 + Level 0.2 Short Blades
 + Level 0.2 Slings
 + Level 2.8 Dodging
 + Level 4.2 Stealth
 + Level 4.0 Spellcasting
 + Level 1.2 Conjurations
 + Level 1.7 Summonings
 + Level 1.0 Translocations


You couldn't memorise any spells.
You knew the following spells:

 Your Spells              Type           Power        Failure   Level  Hunger
a - Magic Dart            Conj           #...         10%         1    None
b - Call Imp              Summ           ##......     12%         2    #......
c - Slow                  Hex            #.......     17%         2    #......
d - Blink                 Tloc           N/A          12%         2    #......
e - Repel Missiles        Chrm/Air       #.....       17%         2    #......
f - Conjure Flame         Conj/Fire      #.......     30%         3    ###....


Dungeon Overview and Level Annotations

Branches:
Dungeon (4/15)
 Temple: D:4-7

Altars:
Dithmenos
Sif Muna


Innate Abilities, Weirdness & Mutations

You cannot wear most types of armour.
You are amphibious.
You can wear up to eight rings at the same time.
You can use your tentacles to constrict eight enemies at once.
Your skin changes colour to match your surroundings (Stealth).
Your rubbery body absorbs attacks (AC +1).


Message History

You feel protected. The orc hits you but does no damage.
You swap places.
The orc hits your white imp with a falchion.
Firing (i - inventory. (,) - cycle):
c - 20 arrows (quivered)
Press: ? - help, Shift-Dir - straight line, f/p - orc
Aim: an orc, wielding a falchion and wearing a ring mail Really fire in your white imp's direction?
Okay, then.
Your white imp closely misses the orc.
The orc closely misses your white imp.
Your white imp gestures at the orc.
The puff of frost hits the orc.
The orc hits your white imp with a falchion.
Drink which item? (? for menu, Esc to quit)
It was a potion of invisibility.
You fade into invisibility!
Your white imp closely misses the orc.
The orc priest calls down the wrath of Beogh upon you.
Beogh smites you!
You die...

#.#..............#...#
#.#.#..##..##........#
#.#.#......#######...##
#.#.#..#..........<....
#####
#.....###.....#####.###
.....###.##..###..##.#
#.# #.(.((###..#..###.#
#.#
######..#..?##.....##..##
#.#
..........((o5.@.........
..#
####.....##o).......##.
#.. ##..(####..._.$.##
### #....##.........#
#...................
#..##..##.....##..#.#
#.....###..#..# #.#
#######.##.##..###..# .#
........##.....###.... .


You could see an orc priest, an orc and a friendly white imp.

Vanquished Creatures
  3 gnolls (D:2)
  2 adders
  An adder skeleton (D:4)
  2 dart slugs
  A giant gecko (D:1)
  An orc (D:4)
  3 bats
  2 giant cockroaches
  12 goblins
  10 hobgoblins
  3 jackals (D:2)
  6 kobolds
  A quokka (D:2)
  2 giant newts
  2 rats (D:1)
51 creatures vanquished.

Vanquished Creatures (collateral kills)
  A gnoll (D:1)
  An adder (D:2)
  A worm (D:2)
  A giant gecko (D:3)
  An orc (D:4)
  A giant cockroach (D:1)
  2 goblins
  4 hobgoblins
  A jackal (D:2)
  3 kobolds
  3 bats
  2 giant newts (D:1)
  2 rats (D:1)
23 creatures vanquished.

Grand Total: 74 creatures vanquished

Notes
Turn   | Place    | Note
--------------------------------------------------------------
     0 | D:1      | Mefis the Octopode Wizard began the quest for the Orb.
     0 | D:1      | Reached XP level 1. HP: 11/11 MP: 4/4
   369 | D:1      | Reached XP level 2. HP: 12/17 MP: 6/6
   460 | D:1      | Learned a level 2 spell: Call Imp
   463 | D:1      | Learned a level 2 spell: Slow
   909 | D:1      | Reached XP level 3. HP: 5/21 MP: 4/7
  2742 | D:2      | Reached XP level 4. HP: 26/27 MP: 6/9
  3530 | D:3      | Reached XP level 5. HP: 32/32 MP: 7/11
  4039 | D:3      | Found a faded altar to an unknown god.
  4048 | D:3      | Became a worshipper of Sif Muna the Loreminder
  4048 | D:3      | Reached * piety under Sif Muna
  4052 | D:3      | Learned a level 2 spell: Blink
  4055 | D:3      | Learned a level 2 spell: Repel Missiles
  4059 | D:3      | Learned a level 3 spell: Conjure Flame
  4370 | D:4      | Found a shadowy altar of Dithmenos.
  4476 | D:4      | Killed from afar by an orc priest

Vault maps used:
D:1:      nicolae_arrival_washed_ashore, minmay_liquid_box
D:3:      ecumenical_altar_1, first_bread
D:4:      kennysheep_slug_shrine, nicolae_dithmenos_shadow_blocks

Skill      XL: |  1  2  3  4 |
---------------+-------------+-----
Stealth        | 3 4 |  4.2
Spellcasting   | 4 |  4.0
Fighting       | |  0.8
Short Blades   | |  0.2
Slings         | |  0.2
Dodging        | |  2.8
Conjurations   | |  1.2
Summonings     | |  1.7
Translocations | |  1.0

Action                   |  1- 3 |  4- 6 || total
-------------------------+-------+-------++-------
Melee: Unarmed           |     9 |       ||     9
       Club              |     9 |       ||     9
       Constrict         |    20 |    15 ||    35
       Tentacles         |     9 |     4 ||    13
       Whip              |     5 |       ||     5
       Flail             |    17 |       ||    17
       Short sword       |    30 |    39 ||    69
       Dagger            |     5 |       ||     5
       Mace              |     4 |       ||     4
 Fire: Hunting sling     |       |     5 ||     5
       Longbow           |       |     3 ||     3
Throw: Stone             |     1 |       ||     1
       Tomahawk          |       |     2 ||     2
 Cast: Call Imp          |    22 |    10 ||    32
       Magic Dart        |     7 |    19 ||    26
       Conjure Flame     |       |     3 ||     3
Invok: Channel Energy    |       |     1 ||     1
  Use: Potion            |       |     3 ||     3
 Stab: Sleeping          |     3 |     2 ||     5
  Eat: Chunk             |     2 |     4 ||     6
       Bread ration      |     1 |       ||     1
Armor: Skin              |     3 |    13 ||    16
Dodge: Dodged            |    58 |    33 ||    91
